 Dungeon Crawl Stone Soup version 0.28-a0-883-gc8d7bad45d (webtiles) character file.

Game seed: 14448867345304460331

895 orbtoucher the Skirmisher (level 8, -7/70 HPs)
             Began as a Ghoul Warper on Nov 21, 2021.
             Mangled by an iguana (9 damage)
             ... on level 6 of the Dungeon.
             The game lasted 00:23:58 (8110 turns).

orbtoucher the Skirmisher (Ghoul Warper)            Turns: 8110, Time: 00:23:59

Health: -7/70      AC:  6    Str: 23    XL:     8   Next: 6%
Magic:  10/10      EV: 11    Int:  8    God:
Gold:   224        SH:  0    Dex:  8    Spells: 5/11 levels left

rFire   . . .      SeeInvis .   a - +1 hand axe (flame)
rCold   + . .      Faith    .   (no shield)
rNeg    + + +      Spirit   .   o - +0 ring mail
rPois   ∞          Reflect  .   (no helmet)
rElec   .          Harm     .   (no cloak)
rCorr   .          Rampage  .   p - +0 pair of gloves
Will    .....                   (no boots)
Stlth   ..........              (no amulet)
HPRegen 0.00/turn               r - +6 ring of strength
MPRegen 0.12/turn               (no ring)

@: inhibited regen
A: claws 1, cold resistance 1, negative energy resistance 3, inhibited
regeneration, torment resistance 2
a: no special abilities


You were on level 6 of the Dungeon.
You visited 2 branches of the dungeon, and saw 7 of its levels.

You collected 224 gold pieces.

Inventory:

Hand Weapons
 a - a +1 hand axe of flaming (weapon)
 b - a +0 hunting sling
 e - a +0 dagger
Missiles
 d - 5 boomerangs of dispersal (quivered)
 j - 175 stones
Armour
 o - a +0 ring mail (worn)
 p - a +0 pair of gloves (worn)
 q - a +0 chain mail
Jewellery
 r - a +6 ring of strength (left hand)
Scrolls
 g - 3 scrolls of teleportation
 m - 2 scrolls of immolation {unknown}
 s - 2 scrolls of acquirement {unknown}
Potions
 f - a potion of brilliance
 h - a potion of haste {unknown}
 i - a potion of resistance {unknown}
 k - a potion of lignification {unknown}
 l - a potion of curing
 n - a potion of mutation {unknown}
 t - a potion of attraction {unknown}
 u - a potion of cancellation {unknown}


   Skills:
 + Level 5.9 Fighting
 + Level 5.2 Axes
 - Level 1.0 Throwing
 - Level 1.0 Armour
 - Level 2.0 Dodging
 - Level 2.0 Spellcasting
 - Level 5.0 Translocations


You had 5 spell levels left.
You knew the following spells:

 Your Spells              Type           Power      Damage    Failure   Level
b - Blink                 Tloc           16%        N/A       11%         2
g - Apportation           Tloc           16%        N/A       7%          1
t - Teleport Other        Tloc           8%         N/A       22%         3

Your spell library contained the following spells:

 Spells                   Type           Power      Damage    Failure   Level
 Gell's Gravitas          Tloc           8%         N/A       22%         3
 Lesser Beckoning         Tloc           8%         N/A       22%         3
 Animate Skeleton         Necr           0%         N/A       50%         1
 Summon Small Mammal      Summ           0%         N/A       50%         1
 Stone Arrow              Conj/Erth      0%         3d7       86%         3
 Manifold Assault         Tloc           8%         N/A       89%         5
 Sticky Flame             Conj/Fire      0%         2d3       99%         4
 Summon Lightning Spire   Summ/Air       0%         N/A       99%         4
 Lightning Bolt           Conj/Air       0%         1d11      100%        5
 Spellforged Servitor     Conj/Summ      0%         N/A       100%        7
 Maxwell's Capacitive Co  Air            0%         ∞         100%        8
 Storm Form               Tmut/Air       Unusable   N/A       N/A         7

Dungeon Overview and Level Annotations

Branches:
Dungeon (6/15)             Temple (1/1) D:4

Altars:
Ashenzari
Cheibriados
Fedhas
Gozag
Kikubaaqudgha
Nemelex Xobeh
Okawaru
Sif Muna
Vehumet
Yredelemnul
The Shining One

Annotations:
D:5 Dowan, Duvessa


Innate Abilities, Weirdness & Mutations

You thrive by killing the living.
You are immune to poison.
You have sharp fingernails.
Your flesh is cold resistant. (rC+)
You are immune to negative energy. (rN+++)
You do not regenerate when monsters are visible.
You are immune to unholy pain and torment.


Message History

You hit the iguana. You burn the iguana. The centaur closely misses you.
The centaur kicks you. The iguana barely misses you. The centaur hits you.
The centaur barely misses you.
You hit the centaur but do no damage.
The centaur is heavily wounded.
You hit the iguana. You burn the iguana.
The centaur hits you but does no damage.
The centaur kicks you.
* * * LOW HITPOINT WARNING * * *
The iguana barely misses you.
You hit the centaur. You burn the centaur.
The centaur is almost dead.
You barely miss the iguana.
The centaur hits you but does no damage.
The centaur kicks you but does no damage.
The centaur hits you.
* * * LOW HITPOINT WARNING * * *
The centaur closely misses you.
The iguana bites you but does no damage.
You hit the centaur. You burn the centaur.
The centaur is almost dead.
You hit the iguana but do no damage. The centaur barely misses you.
The centaur kicks you but does no damage.
The iguana closely misses you.
You hit the centaur. You burn the centaur.
You kill the centaur!
You closely miss the iguana. The iguana barely misses you.
You have reached level 8!
You hit the iguana. You burn the iguana.
The iguana is severely wounded.
The iguana bites you!
* * * LOW HITPOINT WARNING * * *
You completely miss the iguana.
The iguana is severely wounded.
The iguana bites you!
* * * LOW HITPOINT WARNING * * *
You barely miss the iguana.
The iguana is severely wounded.
The iguana bites you!
You die...

#......#####
#......#...#
#......#...
#......#..#
#......#..#
#......#..# .
#......#..#....
#......@).'....
#.......l.#....
#######...# .
#..## #..[#
#...# #####


You could see an iguana.

Vanquished Creatures
  Sigmund (D:3)
  An ice beast (D:5)
  An ogre (D:5)
  A centaur (D:6)
  5 hounds
  A jelly (D:4)
  3 iguanas
  Jessica (D:2)
  A scorpion zombie (D:5)
  A killer bee zombie (D:5)
  A howler monkey skeleton (D:4)
  A gnoll (D:3)
  2 adders
  An ufetubus (D:4)
  2 worms (D:3)
  A dart slug (D:4)
  4 orcs (D:4)
  9 ball pythons
  14 endoplasms
  3 giant cockroaches
  6 hobgoblins
  10 jackals
  5 kobolds
  3 quokkas
  4 bats
  5 frilled lizards
  4 goblins (D:1)
  8 rats
99 creatures vanquished.

Notes
Turn   | Place    | Note
-------+----------+-------------------------------------------
     0 | D:1      | orbtoucher the Ghoul Warper began the quest for the Orb.
     0 | D:1      | Reached XP level 1. HP: 17/17 MP: 2/2
   216 | D:1      | Reached skill level 1 in Throwing
   216 | D:1      | Reached skill level 1 in Armour
   380 | D:1      | Reached XP level 2. HP: 24/24 MP: 3/3
   916 | D:1      | Got the Papyrus of Conjuration
   920 | D:1      | Learned a level 2 spell: Blink
   955 | D:1      | You fall into a shaft and drop 1 floor!
  1241 | D:2      | Reached XP level 3. HP: 25/30 MP: 5/5
  2788 | D:2      | Noticed Jessica
  2815 | D:2      | Killed Jessica
  2816 | D:2      | Reached XP level 4. HP: 21/38 MP: 6/6
  4117 | D:3      | Noticed Sigmund
  4155 | D:4      | Found a blossoming altar of Fedhas.
  4315 | D:4      | Reached XP level 5. HP: 37/45 MP: 7/7
  4420 | D:4      | Found a staircase to the Ecumenical Temple.
  4429 | Temple   | Entered the Ecumenical Temple
  4674 | D:3      | Killed Sigmund
  4675 | D:3      | Reached XP level 6. HP: 21/52 MP: 8/8
  5308 | D:3      | Found a faded altar of an unknown god.
  6086 | D:4      | Reached XP level 7. HP: 19/60 MP: 9/9
  6394 | D:4      | Learned a level 3 spell: Teleport Other
  6427 | D:4      | Learned a level 1 spell: Apportation
  7130 | D:5      | Entered Level 5 of the Dungeon
  7205 | D:5      | Noticed Duvessa
  7207 | D:5      | Noticed a yak
  7207 | D:5      | Noticed a yak
  7207 | D:5      | Noticed a yak
  7324 | D:5      | Reached skill level 5 in Fighting
  7324 | D:5      | Reached skill level 5 in Translocations
  7596 | D:5      | Reached skill level 5 in Axes
  7735 | D:5      | Noticed Dowan
  8108 | D:6      | Reached XP level 8. HP: 17/70 MP: 10/10
  8109 | D:6      | HP: 2/70 [iguana (8)]
  8110 | D:6      | Mangled by an iguana

Illustrated notes

Levels and vault maps discovered:
D:1:      heliophobic_arrival_battle_scene, layout_loops_ring
D:2:      layout_basic, uniq_jessica
D:3:      layout_basic, mainiacjoe_overflow_six_doors_small,
          hellmonk_ecumenical_altar_leap_of_faith, cheibrodos_gnoll_hut,
          uniq_sigmund
D:4:      layout_basic, lemuel_doored_altar, minmay_temple_entry_trees
D:5:      layout_rooms, amcnicky_altar_gilded,
          nicolae_dithmenos_through_a_glass_darkly,
          chequers_serial_rivers_micro_e, hangedman_decor_peaks_small,
          uniq_duvessa
D:6:      layout_gridville, gammafunk_temple_overflow_pools, serial_shops,
          nicolae_take_the_stairs, chequers_serial_rivers_micro_e
Temple:   kb_temple_of_zot

Skill      XL: |  1  2  3  4  5  6  7 |
---------------+----------------------+-----
Throwing       | 1 |  1.0
Armour         | 1 |  1.0
Axes           | 2 3 4 5 |  5.2
Dodging        | 2 |  2.0
Spellcasting   | 2 |  2.0
Translocations | 3 4 5 |  5.0
Fighting       | 3 4 5 |  5.9

Action                   |  1- 3 |  4- 6 |  7- 9 || total
-------------------------+-------+-------+-------++-------
Melee: Hand axe          |   182 |   173 |    92 ||   447
 Cast: Blink             |       |       |     1 ||     1
  Use: Scroll            |       |     2 |     1 ||     3
       Potion            |       |     2 |       ||     2
Armor: Leather armour    |    45 |     9 |       ||    54
       Ring mail         |       |    66 |    37 ||   103
Dodge: Dodged            |   104 |   110 |    53 ||   267

Table legend: (Time is in decaauts)
 A = Elapsed time spent in this place.
 B = Non-inter-level travel time spent in this place.
 C = Inter-level travel time spent in this place.
 D = Time resting spent in this place.
 E = Time spent auto-exploring this place.
 F = Levels seen in this place.
 G = Mean time per level.
                   A        B        C        D        E       F      G
               +--------+--------+--------+--------+--------+-----+--------+
         Total |   8183 |   7804 |    379 |   3342 |   2875 |   7 | 1169.0 |
       Dungeon |   8045 |   7666 |    379 |   3342 |   2792 |   6 | 1340.8 |
        Temple |    138 |    138 |      0 |      0 |     83 |   1 |  138.0 |
               +--------+--------+--------+--------+--------+-----+--------+

Top non-repeatable levels by time:
     D:4: 2099 daAuts
     D:2: 1976 daAuts
     D:1: 1769 daAuts
     D:3: 1483 daAuts
     D:5: 539 daAuts
     D:6: 175 daAuts
  Temple: 138 daAuts
